kangyu, neutral female human Valkyrie ----- --.|.--- |......| ---.*....| -----..-------.......-- .<.........-|.....@..| ----------).|...%.qd.-- |..%....|....| ------- |....| ------ kangyu the Fighter Experience level: 6 Strength: 17 Dexterity: 16 Constitution: 18 Intelligence: 8 Wisdom: 7 Charisma: 10 Health: 0(56) Energy: 14(14) Def: 8 Gold: 92 Moves: 1532 Dungeon seed: 7mmxL9NLHRPtfuoa Game ID: kangyu_1559369485 Your Inventory: Coins $ - 92 gold pieces Weapons a - an uncursed +2 war hammer (weapon in hand) b - an uncursed +0 dagger C - 8 uncursed +0 daggers (in quiver) F - a blessed +5 dagger named Dagger of Legend Armor e - a blessed +3 small shield (being worn) n - an uncursed +0 pair of speed boots (being worn) q - an uncursed +2 orcish helm (being worn) r - a blessed +0 dwarvish cloak y - an uncursed +0 dwarvish iron helm z - an uncursed +0 dwarvish cloak (being worn) Comestibles d - 7 uncursed food rations v - an uncursed tin of newt meat Scrolls D - an uncursed scroll of earth E - 2 blessed scrolls of identify L - an uncursed scroll of light Q - an uncursed scroll of identify Potions g - a blessed potion of confusion h - an uncursed potion of sickness R - an uncursed potion of speed Wands c - an uncursed wand of cold (0:4) M - an uncursed wand of striking (0:5) P - an uncursed wand of striking (0:7) Tools f - an uncursed oil lamp (0:1349) Gems J - an uncursed worthless piece of red glass K - 2 uncursed turquoises N - an uncursed touchstone O - an uncursed worthless piece of orange glass Y - an uncursed worthless piece of violet glass Spells and supernatural/magical abilities: Name Level Category Fail Memory W - pray for help -- divine ? -- Your skills at the end: Miscellaneous Skills shield [Basic] wands [Basic] Weapon Skills dagger [Basic] hammer [Skilled] Spellcasting Skills Final Attributes: You were devoutly aligned. You were cold resistant. You were very stealthy. You could fly. You were very fast. You are dead. Vanquished creatures: a large mimic a gnome king a dwarf lord a rock piercer a fog cloud 4 gnome lords a gnomish wizard 6 dwarves an iguana a rothe a coyote a giant rat 21 gnomes 6 jackals 3 kobolds 3 newts 2 goblins a sewer rat 3 grid bugs 3 lichens 62 creatures vanquished. Voluntary challenges: You did not adorn yourself with jewelry or accessories. You did not cause conflict. You were not invisible. You did not have reflection. You were not displaced. You used a wielded weapon 70 times, starting on turn 1. You did not use containers. You did not apply a unicorn horn. You did not use plumbed fixtures. You did not drink any magical draughts. You were illiterate. You never genocided any monsters. You never polymorphed an object. You never changed form. You used no wishes. You never split a pudding. You never wrote Elbereth's name. You never violated your personal moral code. Dungeon overview: The Dungeons of Doom: levels 1 to 2 Level 1 a long staircase Level 2 a general store, some fountains, a sink stairs to The Gnomish Mines The Gnomish Mines: levels 3 to 5 Level 3 stairs to The Dungeons of Doom Level 4 Level 5 <- You were here History has recorded: On T:1 you entered the Dungeons of Doom to retrieve the Amulet of Yendor! On T:292 you reached level 2 of The Dungeons of Doom. On T:314 you advanced to experience level 2. On T:656 you advanced to experience level 3. On T:826 you advanced to experience level 4. On T:865 you reached level 1 of The Gnomish Mines. On T:908 you advanced to experience level 5. On T:1130 you prayed to Odin. On T:1249 you reached level 2 of The Gnomish Mines. On T:1317 you advanced to experience level 6. On T:1453 you reached level 3 of The Gnomish Mines. Score breakdown: Gold: 92 ( 9 points) Experience: 6 levels ( 500 points) Exploration: 5 levels ( 120 points) Discoveries: 15 items ( 750 points) Variety of kills: 20 monsters ( 1000 points) Major goal: (nothing yet) ( 0 points) Survival: died (score multiplied by 3) Total score: 7137 Latest messages: The gnome lord swings his crossbow at you. The gnome lord hits! The gnome lord punches you! The rothe claws you! The rothe bites! The rothe misses. The gnome lord swings his crossbow at you. The gnome lord hits! The gnome lord punches you! The rothe claws you! The rothe just misses! The rothe bites! The gnome lord swings his crossbow at you. The gnome lord hits! The gnome lord punches you! You can move again. Killer bites the rothe. The rothe misses Killer. The rothe bites Killer. (2x) The rothe claws you! The rothe bites! (2x) You die... Final status: Farvel kangyu the Valkyrie, killed by a rothe... You died in The Gnomish Mines on dungeon level 5 with 7137 points, and 92 pieces of gold, after 1532 moves. You were level 6 with a maximum of 56 hit points when you died.